 Dungeon Crawl Stone Soup version 0.19-a0-1738-gbb2db12 (webtiles) character file.

582 Naow the Cleaver (level 7, -3/88 HPs)
             Began as a Minotaur Berserker on Oct 1, 2016.
             Was a Believer of Trog.
             Slain by a centaur (7 damage)
             ... on level 5 of the Dungeon.
             The game lasted 00:06:44 (4224 turns).

Naow the Cleaver (Minotaur Berserker)               Turns: 4224, Time: 00:06:44

Health: -3/88      AC:  5    Str: 27    XL:     7   Next: 14%
Magic:  6/6        EV: 11    Int:  6    God:    Trog [**....]
Gold:   236        SH:  0    Dex:  9    Spells: 0 memorised, 6 levels left

rFire  . . .     SeeInvis .     a - +0 hand axe
rCold  . . .     Gourm    .     n - +0 ring mail (curse)
rNeg   . . .     Faith    .     (no shield)
rPois  .         Spirit   .     (helmet restricted)
rElec  .         Dismiss  .     (no cloak)
rCorr  .         Reflect  .     (no gloves)
MR     ++...     Harm     .     (no boots)
Stlth  ..........               (no amulet)
                                (no ring)
                                (no ring)

@: berserking, regenerating, very quick
A: retaliatory headbutt, horns 2
a: Berserk, Trog's Hand, Burn Spellbooks, Renounce Religion


You were on level 5 of the Dungeon.
You worshipped Trog.
Trog was pleased with you.
You were very hungry.

You visited 1 branch of the dungeon, and saw 5 of its levels.

You collected 236 gold pieces.

Inventory:

Hand Weapons
 a - a +0 hand axe (weapon)
Armour
 b - a +0 animal skin
 n - a cursed +0 ring mail (worn)
Jewellery
 k - an uncursed ring of protection from fire {unknown}
 p - an uncursed amulet of dismissal {unknown}
 r - a +3 amulet of reflection {unknown}
 x - an uncursed amulet of harm {unknown}
Wands
 q - a wand of polymorph (14/24)
 t - a wand of lightning (10/15)
 y - a wand of slowing (10/48)
 A - a wand of iceblast (4/15)
Scrolls
 d - 4 scrolls of remove curse {unknown}
 h - a scroll of enchant weapon {unknown}
 l - a scroll of enchant armour {unknown}
 m - 4 scrolls of identify {unknown}
 u - a scroll of fog {unknown}
 v - a scroll of magic mapping {unknown}
Potions
 e - 2 potions of beneficial mutation {unknown}
 g - 3 potions of curing {unknown}
 i - 2 potions of cancellation {unknown}
 j - a potion of heal wounds {unknown}
 o - a potion of degeneration {unknown}
 s - a potion of lignification {unknown}
 w - a potion of cure mutation {unknown}
Comestibles
 c - 4 bread rations
 f - 2 meat rations
 z - 3 chunks of flesh


   Skills:
 - Level 4.1 Fighting
 + Level 9.5 Axes
 - Level 2.5 Armour
 - Level 2.5 Dodging
 - Level 0.1 Stealth


You had 6 spell levels left.
You didn't know any spells.

Dungeon Overview and Level Annotations

Branches:
Dungeon (5/15)
 Temple: D:4-7

Altars:
Qazlal


Innate Abilities, Weirdness & Mutations

You reflexively headbutt those who attack you in melee.
You have a pair of horns on your head.


Message History

You slash the howler monkey skeleton!
You destroy the howler monkey skeleton!
Trog accepts your kill.
The centaur shoots an arrow.
The arrow hits you!
* * * LOW HITPOINT WARNING * * *
A red film seems to cover your vision as you go berserk!
You feel yourself moving faster!
You feel mighty!
You are feeling very hungry.
The hound bites you.
* * * LOW HITPOINT WARNING * * *
The hound bites you.
* * * LOW HITPOINT WARNING * * *
You slash the hound!
You kill the hound!
Trog accepts your kill.
The centaur shoots an arrow.
The arrow hits you!
* * * LOW HITPOINT WARNING * * *
The centaur unwields an uncursed shortbow.
The centaur hits you!
You die...

....%.....# #####
#.....#=### #....
#..(......# #.###
###(#.#.#.#######.#
#((.............#
#.#.#.#.######..#
#.#..... #..#
.#######.###.### #..#
........c@(..# #..#
######[###..# #..### #.#
#..########..... #.#
#.....)..(.(.###
..#####.####.###########
....(........#
........###### #########


You could see a centaur.

Vanquished Creatures
  A phantom (D:4)
  A centaur (D:5)
  2 scorpions
  2 hounds
  A bullfrog skeleton (D:4)
  2 worker ants (D:4)
  Robin (D:3)
  A howler monkey skeleton (D:5)
  4 gnolls (D:4)
  4 adders
  3 worms
  3 dart slugs
  6 orcs
  5 bats
  3 giant cockroaches
  10 goblins
  10 hobgoblins
  2 jackals (D:1)
  3 quokkas
  A frilled lizard (D:1)
  A kobold (D:1)
  A quokka skeleton (D:4)
  10 rats
77 creatures vanquished.

Notes
Turn   | Place    | Note
-------+----------+-------------------------------------------
     0 | D:1      | Naow the Minotaur Berserker began the quest for the Orb.
     0 | D:1      | Reached XP level 1. HP: 19/19 MP: 0/0
   205 | D:1      | Reached XP level 2. HP: 24/27 MP: 1/1
   212 | D:1      | Reached skill level 4 in Axes
   217 | D:1      | Reached ** piety under Trog
   902 | D:2      | Reached XP level 3. HP: 25/33 MP: 2/2
  1140 | D:2      | Reached skill level 5 in Axes
  1518 | D:3      | Reached XP level 4. HP: 40/40 MP: 3/3
  1575 | D:3      | Reached skill level 6 in Axes
  2088 | D:3      | Noticed Robin
  2091 | D:3      | Reached XP level 5. HP: 43/46 MP: 4/4
  2113 | D:3      | Killed Robin
  2575 | D:4      | Reached skill level 7 in Axes
  3176 | D:4      | Noticed a phantom
  3213 | D:4      | Killed a phantom
  3213 | D:4      | Reached XP level 6. HP: 30/52 MP: 5/5
  3302 | D:4      | Found a stormy altar of Qazlal.
  3303 | D:4      | Noticed a water elemental
  3308 | D:4      | Noticed an air elemental
  3311 | D:4      | Noticed a fire elemental
  3348 | D:4      | Reached skill level 8 in Axes
  4143 | D:5      | Entered Level 5 of the Dungeon
  4186 | D:5      | Reached skill level 9 in Axes
  4186 | D:5      | Reached XP level 7. HP: 33/59 MP: 6/6
  4223 | D:5      | HP: 3/88 [centaur/arrow (9)]
  4224 | D:5      | Slain by a centaur

Vault maps used:
D:1:      elethiomel_arrival_diamonds, minmay_domino_4
D:3:      first_bread, uniq_robin
D:4:      nicolae_qazlal_style_of_elements, minmay_misc_feat_ornament
D:5:      uniq_blork_the_orc, uniq_duvessa

Skill      XL: |  1  2  3  4  5  6 |
---------------+-------------------+-----
Fighting       | 4 |  4.1
Axes           | 4 5 6 7 9 |  9.5
Armour         | |  2.5
Dodging        | |  2.5
Stealth        | |  0.1

Action                   |  1- 3 |  4- 6 |  7- 9 || total
-------------------------+-------+-------+-------++-------
Melee: Hand axe          |    69 |   145 |     5 ||   219
       Headbutt          |    14 |    27 |     2 ||    43
Invok: Berserk           |     1 |     2 |     1 ||     4
       Trog's Hand       |       |       |     1 ||     1
  Eat: Chunk             |     3 |     5 |       ||     8
       Meat ration       |       |     1 |       ||     1
Armor: Animal skin       |     8 |       |       ||     8
       Ring mail         |     7 |    36 |     1 ||    44
Dodge: Dodged            |    44 |    85 |     3 ||   132
